 Dungeon Crawl Stone Soup version 0.27-a0-1391-g48c30b3128 (webtiles) character file.

Game seed: 5970596309220673872

110782 HAL9000 the Unseen (level 16, -29/80 HPs)
             Began as a Vine Stalker Brigand on June 29, 2021.
             Was the Champion of Dithmenos.
             Killed from afar by a bog body (39 damage)
             ... with a bolt of cold
             ... on level 2 of the Swamp on July 1, 2021.
             The game lasted 01:24:53 (26689 turns).

HAL9000 the Unseen (Vine Stalker Brigand)          Turns: 26689, Time: 01:24:53

Health: -29/80     AC: 16    Str: 17    XL:     16   Next: 56%
Magic:  0/42       EV: 11    Int: 30    God:    Dithmenos [******]
Gold:   966        SH:  8    Dex: 19    Spells: 15/37 levels left

rFire    . . .     SeeInvis .   M - +2 dagger (elec)
rCold    x . .     Faith    .   c - +2 buckler
rNeg     + + .     Spirit   +   a - +1 troll leather armour
rPois    .         Reflect  .   i - +3 hat of Pondering {ponderous, Will+ MP+10 Int+5}
rElec    .         Harm     .   (no cloak)
rCorr    +         Rampage  +   K - +0 pair of gloves of the Jabberwock {Int+3}
Will     ++...                  d - +1 pair of boots {rampage} Stlth *****+++++
                                N - amulet of regeneration
HPRegen  3.23/turn              k - ring of Secrets {rC- rN++ rCorr Dex+2 Slay+3}
MPRegen  0.28/turn              o - ring of the Echidna {Fly Will- AC+4 Int+8 Stlth+}

@: flying, wreathed by umbra, studying Spellcasting, slow
A: fangs 3, regeneration 1, magic shield, antimagic bite, no potion heal 2
a: Renounce Religion, Shadow Step, Shadow Form


You were on level 2 of the Swamp.
You worshipped Dithmenos.
Dithmenos was exalted by your worship.
You visited 5 branches of the dungeon, and saw 25 of its levels.
You also visited: Bailey.

You collected 4745 gold pieces.
You spent 3779 gold pieces at shops.

Inventory:

Hand Weapons
 e - a +9 double sword
 M - a +2 dagger of electrocution (weapon)
Missiles
 b - 13 atropa-tipped darts
 I - 2 throwing nets
 R - 7 silver javelins
 V - 14 boomerangs of dispersal
 W - 34 curare-tipped darts (quivered)
Armour
 a - a +1 troll leather armour (worn)
 c - a +2 buckler (worn)
 d - a +1 pair of boots of rampaging (worn)
 h - a +2 cloak of stealth
 i - the +3 hat of Pondering (worn) {ponderous, Will+ MP+10 Int+5}
   (You took it off Gastronok on level 8 of the Dungeon)

   Int:       It affects your intelligence (+5).
   MP:        It affects your magic capacity (+10).
   Will:      It increases your willpower.
 x - a +2 cloak of willpower
 K - the +0 pair of gloves of the Jabberwock (worn) {Int+3}
   (You took it off Nikola on level 2 of the Swamp)

   Int:       It affects your intelligence (+3).
Jewellery
 k - the ring of Secrets (left hand) {rC- rN++ rCorr Dex+2 Slay+3}
   (You found it on level 12 of the Dungeon)

   [ring of resist corrosion]

   Dex:       It affects your dexterity (+2).
   Slay:      It affects your accuracy & damage with ranged weapons and melee
   (+3).
   rC:        It makes you vulnerable to cold.
   rN:        It greatly protects you from negative energy.
   rCorr:     It protects you from acid and corrosion.
 o - the ring of the Echidna (right hand) {Fly Will- AC+4 Int+8 Stlth+}
   (You acquired it on level 14 of the Dungeon)

   [ring of protection]

   AC:        It affects your AC (+4).
   Int:       It affects your intelligence (+8).
   Fly:       It grants you flight.
   Will:      It decreases your willpower.
   Stlth:     It makes you more stealthy.
 z - a ring of positive energy
 F - the ring of Maruelesh {*Slow +Blink rF+++ rCorr Int+4}
   (You found it on level 4 of the Lair of Beasts)

   [ring of resist corrosion]

   Int:       It affects your intelligence (+4).
   rF:        It renders you almost immune to fire.
   +Blink:    It lets you blink.
   rCorr:     It protects you from acid and corrosion.
   *Slow:     It may slow you when you take damage.
 N - an amulet of regeneration (around neck)
 T - the ring "Deosub" {rElec rPois MP+9}
   (You acquired it on level 10 of the Dungeon)

   [ring of magical power]

   rElec:     It insulates you from electricity.
   rPois:     It protects you from poison.
   MP:        It affects your magic capacity (+9).
 Y - a ring of protection from cold
Wands
 w - a wand of charming (9)
 y - a wand of flame (11)
 B - a wand of iceblast (32)
 C - a wand of mindburst (22)
 J - a wand of acid (21)
Scrolls
 f - 4 scrolls of fog
 g - a scroll of amnesia
 n - 3 scrolls of fear
 q - 8 scrolls of teleportation
 r - 4 scrolls of blinking
 v - 2 scrolls of magic mapping
 E - 2 scrolls of enchant weapon
Potions
 j - 6 potions of flight
 l - 2 potions of haste
 m - a potion of experience {unknown}
 p - 8 potions of attraction
 s - 5 potions of might
 t - 8 potions of curing
 u - a potion of ambrosia {unknown}
 A - a potion of invisibility {unknown}
 D - a potion of cancellation
 G - a potion of berserk rage
 H - 2 potions of brilliance
 L - 4 potions of magic
 O - 2 potions of resistance
Miscellaneous
 Q - a phial of floods


   Skills:
 - Level 7.0 Fighting
 - Level 11.0(11.6) Short Blades
 + Level 6.2(9.5) Long Blades
 - Level 3.5 Throwing
 - Level 6.4 Armour
 - Level 0.7 Dodging
 - Level 19.6 Stealth
 - Level 4.0 Shields
 - Level 11.0 Spellcasting
 - Level 11.5 Hexes
 - Level 10.1 Invocations


You had 15 spell levels left.
You knew the following spells:

 Your Spells              Type           Power      Damage    Failure   Level
a - Ensorcelled Hibernat  Hex/Ice        100%       N/A       1%          2
b - Confusing Touch       Hex            72%        N/A       1%          3
c - Tukima's Dance        Hex            72%        N/A       1%          3
d - Silence               Hex/Air        25%        N/A       10%         5
e - Cause Fear            Hex            36%        N/A       1%          4
f - Yara's Violent Unrav  Hex/Tmut       25%        3d11      10%         5

Your spell library contained the following spells:

 Spells                   Type           Power      Damage    Failure   Level
 Corona                   Hex            80%        N/A       1%          1
 Dazzling Flash           Conj/Hex       100%       N/A       1%          3
 Inner Flame              Hex/Fire       50%        N/A       1%          3
 Summon Guardian Golem    Hex/Summ       50%        N/A       1%          3
 Apportation              Tloc           32%        N/A       3%          1
 Foxfire                  Conj/Fire      64%        2x1d7     3%          1
 Summon Small Mammal      Summ           64%        N/A       3%          1
 Invisibility             Hex            36%        N/A       4%          6
 Call Imp                 Summ           16%        N/A       5%          2
 Static Discharge         Conj/Air       16%        N/A       5%          2
 Summon Mana Viper        Hex/Summ       50%        N/A       10%         5
 Call Canine Familiar     Summ           16%        N/A       11%         3
 Conjure Flame            Conj/Fire      16%        6-21      11%         3
 Lesser Beckoning         Tloc           8%         N/A       11%         3
 Sticky Flame             Conj/Fire      16%        2d4       36%         4
 Summon Ice Beast         Ice/Summ       16%        N/A       36%         4
 Summon Lightning Spire   Summ/Air       16%        N/A       36%         4
 Alistair's Intoxication  Tmut/Pois      10%        N/A       71%         5
 Fireball                 Conj/Fire      8%         3d6       71%         5
 Lightning Bolt           Conj/Air       8%         1d20      71%         5
 Summon Forest            Summ/Tloc      8%         N/A       71%         5
 Discord                  Hex            36%        N/A       91%         8
 Shadow Creatures         Summ           N/A        N/A       99%         6
 Summon Hydra             Summ           8%         N/A       100%        7
 Ignition                 Fire           8%         3d5       100%        8
 Polar Vortex             Ice            8%         N/A       100%        9
 Shatter                  Erth           8%         3d10*     100%        9


Dungeon Overview and Level Annotations

Branches:
Dungeon (14/15)            Temple (1/1) D:6            Lair (6/6) D:11
  Swamp (2/4) Lair:3       Spider (0/4) Lair:2        Slime (0/5) Lair:5
    Orc (2/2) D:9             Elf (0/3) Orc:2        Vaults (0/5) D:14
 Bailey (visited)

Altars:
Ashenzari
Cheibriados
Dithmenos
Elyvilon
Fedhas
Gozag
Hepliaklqana
Kikubaaqudgha
Makhleb
Nemelex Xobeh
Okawaru
Qazlal
Ru
Sif Muna
Trog
Uskayaw
Vehumet
Wu Jian
Xom
Yredelemnul
Zin
The Shining One
Beogh
Jiyva

Shops:
D:2 :   D:5 !   D:6 :   D:8 *   D:10 (   D:11 [?*   Orc:2 :?=[[!*(:

Annotations:
Lair:6 exclusion: 2 oklob plants


Innate Abilities, Weirdness & Mutations

You have razor-sharp teeth.
Your natural rate of healing is unusually fast.
When hurt, damage is shared between your health and your magic reserves.
Your bite disrupts and absorbs the magic of your enemies.
Potions cannot restore your health.


Message History

You continue putting on your +2 cloak of willpower. x5
You finish putting on your +2 cloak of willpower.
You feel strong-willed.
Things that are here:
a +0 pair of gloves; a +2 rapier of electrocution You see here 22 stones.
A swamp drake is nearby!
A swamp drake is nearby!
A swamp drake is nearby!
A swamp drake is nearby!
You rampage towards the swamp drake!
The swamp drake roars!
You puncture the swamp drake! You bite the swamp drake! You drain its power.
The swamp drake is heavily wounded.
The swamp drake bites you but does no damage.
You hit the swamp drake.
Lightning courses through the swamp drake!
You kill the swamp drake!
Dithmenos accepts your kill.
No target in view!
A bog body comes into view.
A bog body is nearby!
You start removing your armour.
You continue taking off your +2 cloak of willpower. x4
You finish taking off your +2 cloak of willpower.
You feel less strong-willed.
You start putting on your armour.
You continue putting on your +2 cloak of stealth.
The bog body points at you and mumbles some strange words.
Keep equipping yourself?
The bolt of cold hits you!!
You feel a terrible chill!
You continue putting on your +2 cloak of stealth.
You are engulfed in freezing vapours.
You emit a cloud of dark smoke.
The bog body casts a spell at you. The bolt of cold hits you!!!
You feel a terrible chill!
* * * LOW HITPOINT WARNING * * *
You continue putting on your +2 cloak of stealth.
The bog body casts a spell at you. The bolt of cold hits you!!!
You feel a terrible chill!
You die...

..#.....♣♣♣♣♣♣.♣....)♣♣
..#.≈≈...≈...≈≈.♣≈...♣
..#..§...§.≈≈≈≈♣♣♣♣.♣♣
≈....§§≈.≈.≈.≈.♣ ♣♣♣ ♣
..#..≈.≈...≈.≈.♣♣ .♣
..###♣..≈.≈≈≈≈≈.♣ ♣♣≈♣.
≈..♣ ♣♣.≈≈.≈.≈.♣♣♣♣..≈≈≈
≈≈♣♣ ♣≈≈≈≈..≈≈§♣§§.≈≈≈≈≈
..≈♣♣♣♣.♣≈≈.≈♣§§@○○n.≈≈≈≈
....♣≈..≈....≈§§§§.≈.≈.≈≈
≈.≈≈.≈.≈♣♣..≈≈§§.≈≈≈≈≈.≈≈
..≈.♣.♣♣♣♣......≈≈..≈≈.≈♣
≈≈.♣♣♣♣ ♣≈..≈§♣.[.≈≈§≈≈≈
..≈.♣ ♣.≈≈≈.§≈≈.≈≈.≈≈♣
...♣♣ ♣≈≈≈≈......≈≈≈≈≈
...♣ ♣.≈≈.≈.≈...♣.≈≈ ♣.♣♣
♣..≈♣≈♣≈<.≈♣


You could see a bog body.

Vanquished Creatures
  Nikola (Swamp:2)
  Gastronok (D:8)
  An orc warlord (D:9)
  A bunyip (Swamp:2)
  The ghost of fly the Nimble, a journeyman HuDe of Uskayaw (D:12)
  Josephine (D:13)
  A fire dragon (Lair:6)
  Harold (D:8)
  A rakshasa (D:14)
  An ice dragon (D:10)
  9 hydras
  5 centaur warriors (D:14)
  6 boulder beetles
  A ghost crab (Swamp:1)
  A catoblepas (Lair:5)
  A death knight (D:14)
  5 alligators
  5 two-headed ogres
  6 death yaks
  Urug (Lair:4)
  2 spriggans
  A skeletal warrior (D:14)
  2 goliath frogs (Swamp:1)
  2 swamp dragons
  2 bog bodies
  A spriggan druid (Swamp:1)
  An orb spider (Lair:2)
  A deep elf zephyrmancer (D:14)
  8 ugly things
  3 orc knights
  3 deep elf pyromancers
  4 cyclopes
  6 manticores
  8 orc sorcerers
  A wolf spider (Lair:4)
  16 elephants
  Maurice (D:13)
  6 black mambas
  4 kobold demonologists
  3 rime drakes
  9 cane toads
  A gargoyle (D:13)
  2 unseen horrors
  Psyche (D:8)
  14 komodo dragons
  A komodo dragon (shapeshifter) (D:14)
  A queen bee (shapeshifter) (D:14)
  A hornet (shapeshifter) (D:12)
  2 polar bears
  4 trolls
  2 hornets
  2 tyrant leeches
  A bloated husk (Swamp:1)
  13 slime creatures
  Grinder (D:6)
  5 dream sheep
  19 blink frogs
  A centaur simulacrum (D:10)
  6 wraiths
  5 wyverns
  10 basilisks
  3 vampires
  30 yaks
  A human (shapeshifter) (D:13)
  4 steam dragons
  12 vampire mosquitoes
  4 swamp worms
  15 wargs
  3 acid dragons (Lair:6)
  Duvessa (D:4)
  19 water moccasins
  3 swamp drakes
  35 orc warriors
  A black bear (D:4)
  An ice beast (D:7)
  A sky beast (D:5)
  7 ogres
  2 necrophages (D:6)
  19 wolves
  10 centaurs
  3 phantoms
  14 kobold brigands
  18 bullfrogs
  A gnoll sergeant (D:3)
  4 scorpions
  A wyvern skeleton (D:7)
  Dowan (D:5)
  3 killer bees (D:10)
  7 wights
  4 electric eels (D:10)
  8 howler monkeys
  7 centaur zombies
  A jelly (D:6)
  6 hounds
  20 orc priests
  A gnoll shaman (D:4)
  5 centaur skeletons
  Jessica (D:2)
  7 iguanas
  7 hell rats
  Natasha (thrice) (D:2)
  42 orc wizards
  Terence (D:2)
  A hound zombie (D:5)
  Robin (D:4)
  2 howler monkey zombies
  7 gnolls
  11 adders
  A shadow imp (D:8)
  A white imp (D:7)
  An ufetubus (D:7)
  5 worms
  2 dart slugs
  119 orcs
  5 ball pythons
  5 endoplasms
  4 giant cockroaches
  19 goblins
  7 hobgoblins
  A jackal (D:1)
  3 quokkas
  6 bats
  7 frilled lizards
  8 kobolds
  5 rats
783 creatures vanquished.

Vanquished Creatures (others)
  An orc priest (Orc:2)
  2 bushes (Lair:6)
  49 fungi
  125 plants
177 creatures vanquished.

Grand Total: 960 creatures vanquished

Notes
Turn   | Place    | Note
-------+----------+-------------------------------------------
     0 | D:1      | HAL9000 the Vine Stalker Brigand began the quest for the
                  | Orb.
     0 | D:1      | Reached XP level 1. HP: 11/11 MP: 2/2
   155 | D:1      | Reached XP level 2. HP: 10/15 MP: 3/3
  1100 | D:2      | Noticed Terence
  1103 | D:2      | Killed Terence
  1104 | D:2      | Reached XP level 3. HP: 18/18 MP: 4/4
  1376 | D:2      | Noticed Jessica
  1381 | D:2      | Killed Jessica
  1382 | D:2      | Reached skill level 1 in Shields
  1382 | D:2      | Gained mutation: Your natural rate of healing is unusually
                  | fast. [Vine Stalker growth]
  1382 | D:2      | Reached XP level 4. HP: 23/23 MP: 5/5
  1439 | D:2      | Noticed Natasha
  1445 | D:2      | Killed Natasha
  1481 | D:2      | Reached XP level 5. HP: 26/26 MP: 6/6
  1656 | D:2      | Found Utaisite's Book Emporium.
  1695 | D:2      | Found a faded altar of an unknown god.
  1774 | D:2      | Noticed Natasha
  1781 | D:2      | Killed Natasha
  1810 | D:2      | Noticed Natasha
  1822 | D:2      | Killed Natasha
  1926 | D:2      | Reached XP level 6. HP: 30/30 MP: 7/7
  2683 | D:4      | Reached XP level 7. HP: 34/34 MP: 8/8
  2910 | D:4      | Reached skill level 5 in Short Blades
  2956 | D:4      | Noticed Robin
  3004 | D:4      | Killed Robin
  3198 | D:4      | Gained mutation: You have razor-sharp teeth. [Vine Stalker
                  | growth]
  3198 | D:4      | Reached XP level 8. HP: 38/38 MP: 6/9
  3681 | D:5      | Entered Level 5 of the Dungeon
  3681 | D:5      | Noticed Duvessa
  3683 | D:5      | Noticed Dowan
  3982 | D:5      | Killed Dowan
  4021 | D:4      | Killed Duvessa
  4230 | D:5      | Found Siry's Distillery.
  4576 | D:6      | Reached XP level 9. HP: 42/42 MP: 10/10
  4692 | D:6      | Noticed Grinder
  4708 | D:6      | Killed Grinder
  4709 | D:6      | Reached skill level 6 in Stealth
  4990 | D:6      | Found a staircase to the Ecumenical Temple.
  5019 | D:6      | Found Bugat's Self-Improvement Boutique.
  5050 | Temple   | Entered the Ecumenical Temple
  5221 | Temple   | Became a worshipper of Dithmenos the Shadowed
  5368 | D:6      | Reached skill level 7 in Stealth
  5602 | D:7      | Noticed a cyclops
  5605 | D:7      | Killed a cyclops
  5606 | D:7      | Reached skill level 9 in Stealth
  5699 | D:7      | Reached skill level 10 in Stealth
  5909 | D:2      | Bought a book of Maledictions for 300 gold pieces
  5912 | D:2      | Learned a level 2 spell: Ensorcelled Hibernation
  5916 | D:2      | Learned a level 3 spell: Confusing Touch
  5920 | D:2      | Learned a level 3 spell: Tukima's Dance
  6116 | D:7      | Reached skill level 1 in Hexes
  6142 | D:7      | Reached XP level 10. HP: 22/46 MP: 11/11
  6144 | D:7      | Reached * piety under Dithmenos
  6998 | D:8      | Found Cideg's Serpentskin Sales.
  7008 | D:8      | Bought 5 curare-tipped darts for 30 gold pieces
  7040 | D:8      | Noticed Harold
  7046 | D:8      | Killed Harold
  7140 | D:8      | Found an ornate altar of the Wu Jian Council.
  7339 | D:8      | Reached ** piety under Dithmenos
  7444 | D:8      | Found an iron altar of Okawaru.
  7446 | D:8      | Found a shimmering altar of Xom.
  7451 | D:8      | Found a hide-covered altar of Uskayaw.
  7493 | D:8      | Noticed Gastronok
  7538 | D:8      | Killed Gastronok
  7539 | D:8      | Reached skill level 5 in Fighting
  7615 | D:8      | Noticed Psyche
  7621 | D:8      | Killed Psyche
  7622 | D:8      | Reached XP level 11. HP: 55/57 MP: 12/12
  7840 | D:8      | Found a faded altar of an unknown god.
  7842 | D:8      | Found a hazy altar of Hepliaklqana.
  8301 | D:9      | Reached skill level 11 in Stealth
  8335 | D:9      | Found a staircase to the Orcish Mines.
  8502 | D:9      | Found an opulent altar of Gozag.
  8578 | D:8      | Reached skill level 12 in Stealth
  8733 | D:9      | Reached *** piety under Dithmenos
  9233 | D:10     | Entered Level 10 of the Dungeon
  9285 | D:10     | Found a flagged portal.
  9295 | Bailey   | Entered a bailey
  9491 | Bailey   | Reached skill level 13 in Stealth
  9670 | Bailey   | Noticed an orc knight
  9684 | Bailey   | Killed an orc knight
 10015 | D:10     | Identified a scroll of acquirement
 10253 | D:10     | Reached skill level 14 in Stealth
 10360 | D:10     | Found Nant's Weapon Boutique.
 10406 | D:10     | Noticed a deep elf pyromancer
 10414 | D:10     | Killed a deep elf pyromancer
 10541 | D:10     | Noticed a cyan ugly thing
 10544 | D:10     | Killed a cyan ugly thing
 10587 | D:10     | Noticed a manticore
 10594 | D:10     | Killed a manticore
 10595 | D:10     | Reached XP level 12. HP: 60/63 MP: 13/13
 10610 | D:10     | Noticed a two-headed ogre
 10624 | D:10     | Killed a two-headed ogre
 10625 | D:10     | Reached skill level 10 in Short Blades
 10673 | D:10     | Noticed an ice dragon
 10676 | D:10     | Killed an ice dragon
 10699 | D:10     | Acquired the ring "Deosub" {rElec rPois MP+9}
 10704 | D:10     | Acquired 868 gold pieces
 11181 | D:11     | Upgraded the game from 0.27-a0-1374-gc14e5d3922 to
                  | 0.27-a0-1381-g81fdcbfb23
 11197 | D:11     | Reached **** piety under Dithmenos
 11198 | D:11     | Reached skill level 1 in Armour
 11261 | D:11     | Found a staircase to the Lair.
 11369 | D:11     | Found Noras's Magic Scroll Emporium.
 11389 | D:11     | Bought a scroll of teleportation for 45 gold pieces
 11389 | D:11     | Bought a scroll of acquirement for 780 gold pieces
 11389 | D:11     | Acquired 717 gold pieces
 11546 | D:11     | Found Hethabie's Assorted Antiques.
 11559 | D:11     | Bought a runed hand crossbow for 182 gold pieces
 11609 | D:11     | Found Ema Daw's Antique Armour Shop.
 11989 | Lair:1   | Entered Level 1 of the Lair of Beasts
 12548 | Lair:1   | Reached skill level 5 in Armour
 13293 | Lair:2   | You fall into a shaft and drop 1 floor!
 13330 | Lair:2   | Noticed a death yak
 13331 | Lair:2   | Noticed a death yak
 13331 | Lair:2   | Noticed a death yak
 13331 | Lair:2   | Noticed a death yak
 13333 | Lair:2   | Noticed a death yak
 13339 | Lair:2   | Noticed a death yak
 13345 | Lair:2   | Noticed an eight-headed hydra
 13402 | Lair:1   | Killed a death yak
 13722 | Lair:2   | Reached XP level 13. HP: 67/67 MP: 14/14
 14262 | Lair:2   | Reached skill level 10 in Hexes
 14737 | Lair:2   | Found a hole to the Spider Nest.
 15313 | Lair:3   | Found a staircase to the Swamp.
 15458 | Lair:3   | Identified the +7 dagger of Zelad {pain, Str+3}
 15887 | Lair:4   | Noticed Urug
 15902 | Lair:4   | Killed Urug
 15919 | Lair:4   | Reached skill level 15 in Stealth
 16095 | Lair:4   | Found a shimmering altar of Xom.
 16213 | Lair:4   | Found a runed translucent door.
 16563 | Lair:4   | Identified the +9 whip of Xeqintec {vorpal, Dex+2 Stlth+}
 16585 | Lair:4   | Reached XP level 14. HP: 72/72 MP: 15/15
 16586 | Lair:4   | Reached skill level 16 in Stealth
 16591 | Lair:4   | Identified the ring of Maruelesh {*Slow +Blink rF+++ rCorr
                  | Int+4}
 16796 | Lair:5   | Found a viscous altar of Jiyva.
 16796 | Lair:5   | Found a staircase to the Slime Pits.
 16865 | Lair:5   | Reached skill level 17 in Stealth
 17584 | Lair:6   | Entered Level 6 of the Lair of Beasts
 17600 | Lair:6   | Reached ***** piety under Dithmenos
 17602 | Lair:6   | Reached skill level 18 in Stealth
 18463 | Lair:6   | Reached skill level 19 in Stealth
 19381 | Lair:1   | Learned a level 5 spell: Silence
 19593 | D:6      | Bought a manual of Spellcasting for 1104 gold pieces
 19876 | D:12     | Reached skill level 1 in Spellcasting
 19949 | D:12     | Reached XP level 15. HP: 74/75 MP: 22/22
 20067 | D:12     | Identified the ring of Secrets {rC- rN++ rCorr Dex+2
                  | Slay+3}
 20077 | D:12     | Reached skill level 5 in Spellcasting
 20185 | D:12     | Found a runed translucent gate.
 20185 | D:12     | Found a runed translucent gate.
 20185 | D:12     | Found a runed translucent gate.
 20189 | D:12     | Noticed fly's ghost (journeyman HuDe)
 20237 | D:12     | Killed fly's ghost
 20282 | D:12     | Learned a level 4 spell: Cause Fear
 20288 | D:12     | Learned a level 5 spell: Yara's Violent Unravelling
 20828 | Orc:1    | Entered Level 1 of the Orcish Mines
 20949 | Orc:1    | Noticed an orc warlord
 21306 | D:9      | Killed an orc warlord
 21307 | D:9      | Reached skill level 10 in Spellcasting
 21494 | Orc:1    | Found a radiant altar of Vehumet.
 21714 | Orc:2    | Entered Level 2 of the Orcish Mines
 21714 | Orc:2    | Found a staircase to the Elven Halls.
 21795 | Orc:2    | Reached ****** piety under Dithmenos
 22114 | Orc:2    | Reached skill level 1 in Invocations
 22177 | Orc:2    | Found Beott's Antique Armour Shop.
 22177 | Orc:2    | Found Yghauv's Antique Armour Emporium.
 22250 | Orc:2    | Bought a pair of glowing boots for 187 gold pieces
 22282 | Orc:2    | Found Qushrihoukk's Antique Weapon Emporium.
 22396 | Orc:2    | Found Ukhlisk's Distillery.
 22466 | Orc:2    | Found Boreyfuth's Book Shoppe.
 22485 | Orc:2    | Found Biruischong's Assorted Antiques.
 22570 | Orc:2    | Bought a scroll of blinking for 210 gold pieces
 22667 | Orc:2    | Found Wuts's Magic Scroll Shop.
 22667 | Orc:2    | Found Gaxust's Book Emporium.
 22698 | Orc:2    | Found a radiant altar of Vehumet.
 22729 | Orc:2    | Found Saelymum's Jewellery Shoppe.
 23247 | Orc:2    | Bought a scroll of acquirement for 780 gold pieces
 23247 | Orc:2    | Acquired 611 gold pieces
 23280 | Orc:2    | Bought a jewelled leather armour for 161 gold pieces
 23280 | Orc:2    | Identified the +0 leather armour of Patterns {Dex+7} (You
                  | bought it in a shop on level 2 of the Orcish Mines)
 23576 | D:13     | Reached skill level 5 in Invocations
 23742 | D:13     | Noticed Maurice
 23745 | D:13     | Killed Maurice
 23834 | D:13     | Noticed Josephine
 23874 | D:13     | Killed Josephine
 24027 | D:13     | Identified the +6 scale mail of Wu Jian's Whim {-Cast rElec
                  | rPois Str+6}
 24542 | D:14     | Acquired the ring of the Echidna {Fly Will- AC+4 Int+8
                  | Stlth+}
 24747 | D:14     | Reached XP level 16. HP: 71/80 MP: 30/32
 24946 | D:14     | Found a gate to the Vaults.
 25446 | D:14     | Reached skill level 10 in Invocations
 25721 | Swamp:1  | Entered Level 1 of the Swamp
 25723 | Swamp:1  | Reached skill level 1 in Long Blades
 25903 | Swamp:1  | Upgraded the game from 0.27-a0-1381-g81fdcbfb23 to
                  | 0.27-a0-1391-g48c30b3128
 26456 | Swamp:2  | Reached skill level 5 in Long Blades
 26533 | Swamp:2  | Identified the +0 pair of gloves of the Jabberwock {Int+3}
 26533 | Swamp:2  | Noticed Nikola
 26535 | Swamp:2  | Killed Nikola
 26689 | Swamp:2  | Killed from afar by a bog body

Illustrated notes

Levels and vault maps discovered:
D:1:      giann_wishing_wells, layout_loops_corners, minmay_bisected
D:2:      layout_loops_ring, serial_shops, shop, ebering_ecumenical_altar_mist,
          uniq_terence, uniq_jessica, uniq_natasha
D:3:      layout_loops_ring, hangedman_feature_mirror
D:4:      layout_loops_ring, uniq_robin
D:5:      layout_basic, serial_shops, shop_fountains,
          kennysheep_generic_room_14, uniq_duvessa
D:6:      layout_cave_pods, minmay_temple_entry_enclosed_plants,
          nicolae_shop_self_help, uniq_grinder
D:7:      layout_basic
D:8:      layout_basic, grunt_temple_overflow_open,
          beargit_hepliaklqana_dungeon_heroes, lemuel_doored_altar, special_room
          [special_room_orc], guppyfry_shop_venom, uniq_gastronok, uniq_harold,
          uniq_psyche
D:9:      layout_loops_cross, old_standard_altar, minmay_orc_entry_guard_dogs
D:10:     layout_irregular_city, enter_bailey_1, serial_shops, shop,
          chequers_big_river, evilmike_minifort
D:11:     layout_loops_ring, erik_lair_dragon, serial_shops,
          nicolae_shop_overgrown_old_shop, shop_statue, shop
D:12:     kennysheep_six_static_rooms, layout_rooms,
          gammafunk_ghost_nasty_kobolds, lemuel_flame_loot_1
D:13:     layout_long_grid, uniq_josephine, uniq_maurice
D:14:     layout_basic, hangedman_vaults_entry_quadrant_bands,
          minmay_hollow_rounded_squares
Temple:   nicolae_temple_elliptical
Lair:1:   layout_cave_pods, minivault_24
Lair:2:   layout_layer_cave, nicolae_spider_entry_orb_guardian,
          lemuel_fruit_tree
Lair:3:   layout_hall_layers, minmay_swamp_entry_reptiles, grunt_megastairs_4
Lair:4:   gammafunk_indiana_jones, layout_gridlike, basic_altar, uniq_urug
Lair:5:   layout_loops_ring, slime_altar_1
Lair:6:   guppyfry_lair_end_dragon, layout_cave_pods, serial_forest,
          infiniplex_forest_pool, infiniplex_forest_corner_1,
          infiniplex_forest_lined_room_, infiniplex_forest_zigzag_1,
          infiniplex_forest_clump_small, infiniplex_forest_lined_2,
          infiniplex_forest_clump_curved, infiniplex_forest_zigzag_1,
          minmay_lair_oklob_chamber
Swamp:1:  layout_basic_swamp, evilmike_swamp_ruin_house_1, swamp_pool4,
          nicolae_swamp_bean_lake
Swamp:2:  layout_falls_marsh, evilmike_swamp_ruin_house_2, swamp_pool1,
          nicolae_swamp_little_tower, uniq_nikola
Orc:1:    layout_caves, basic_altar, nicolae_orc_lost_temple
Orc:2:    st_orc_town, layout_caves, basic_altar, serial_shops,
          nicolae_shop_statue_plus, nicolae_shop_waterfront, shop, shop, shop,
          mines5_lemuel

Skill      XL: |  1  2  3  4  5  6  7  8  9 10 11 12 13 14 15 16 |
---------------+-------------------------------------------------+-----
Throwing       | 2 3 |  3.5
Shields        | 1 2 4 |  4.0
Short Blades   | 4 6 8 9 11 | 11.0
Stealth        | 10 14 15 19 | 19.6
Hexes          | 2 6 7 11 | 11.5
Fighting       | 6 7 |  7.0
Armour         | 6 |  6.4
Spellcasting   | 4 11 | 11.0
Invocations    | 8 10 | 10.1
Long Blades    | 6 |  6.2
Dodging        | |  0.7

Action                   |  1- 3 |  4- 6 |  7- 9 | 10-12 | 13-15 | 16-18 || total
-------------------------+-------+-------+-------+-------+-------+-------++-------
Melee: Dagger            |    68 |   130 |   358 |   694 |  1568 |   206 ||  3024
       Bite              |    12 |    32 |   104 |   281 |   634 |    68 ||  1131
Throw: Dart              |     6 |    19 |    50 |    51 |    13 |     2 ||   141
 Cast: Confusing Touch   |       |       |       |    14 |    29 |     8 ||    51
       Ensorcelled Hiber |       |       |       |    22 |     1 |       ||    23
       Tukima's Dance    |       |       |       |     1 |       |       ||     1
Invok: Shadow Step       |       |       |       |     4 |     7 |     2 ||    13
  Use: Scroll            |       |       |     5 |    13 |    21 |     1 ||    40
       Potion            |       |       |       |     2 |       |       ||     2
 Stab: Sleeping          |     9 |    15 |    15 |    55 |    69 |    20 ||   183
       Distracted        |       |     1 |     1 |     1 |     9 |     1 ||    13
       Confused          |       |       |       |    10 |    31 |     6 ||    47
       Invisible         |       |       |       |       |    10 |       ||    10
Armor: Robe              |    17 |    24 |    86 |    33 |       |       ||   160
       Troll leather arm |       |       |       |   140 |   482 |    68 ||   690
Dodge: Dodged            |    41 |    41 |   132 |   318 |   601 |    47 ||  1180
Block: Buckler           |     4 |    22 |    68 |    98 |   272 |    46 ||   510

Table legend: (Time is in decaauts)
 A = Elapsed time spent in this place.
 B = Non-inter-level travel time spent in this place.
 C = Inter-level travel time spent in this place.
 D = Time resting spent in this place.
 E = Time spent auto-exploring this place.
 F = Levels seen in this place.
 G = Mean time per level.
                   A        B        C        D        E       F      G
               +--------+--------+--------+--------+--------+-----+--------+
         Total |  26786 |  23950 |   2836 |   1450 |  16198 |  26 | 1030.2 |
       Dungeon |  15622 |  13563 |   2059 |   1061 |   9214 |  14 | 1115.9 |
        Temple |    189 |    172 |     17 |      0 |    157 |   1 |  189.0 |
          Lair |   7400 |   6880 |    520 |    192 |   4942 |   6 | 1233.3 |
         Swamp |    995 |    956 |     39 |      3 |    671 |   2 |  497.5 |
  Orcish Mines |   1958 |   1759 |    199 |    191 |    909 |   2 |  979.0 |
        Bailey |    619 |    619 |      0 |      3 |    303 |   1 |  619.0 |
               +--------+--------+--------+--------+--------+-----+--------+

Top non-repeatable levels by time:
  Lair:6: 1714 daAuts
     D:9: 1668 daAuts
    D:11: 1642 daAuts
    D:10: 1590 daAuts
  Lair:1: 1584 daAuts
  Lair:2: 1453 daAuts
     D:8: 1340 daAuts
    D:14: 1242 daAuts
     D:4: 1156 daAuts
   Orc:2: 1093 daAuts
     D:1: 1089 daAuts
     D:6: 1032 daAuts
     D:2: 919 daAuts
  Lair:4: 904 daAuts
    D:12: 897 daAuts
